 Dungeon Crawl Stone Soup version 0.30-a0-177-g1cb5dbfd7a (webtiles) character file.

Game seed: 16553600714955794815

182 ytrimaz the Stinger (level 5, -4/30 (33) HPs)
             Began as an Octopode Transmuter on Oct 3, 2022.
             Slain by a wight
             ... wielding a +3 mace of freezing
              (5 damage)
             ... on level 3 of the Dungeon.
             The game lasted 00:04:13 (2810 turns).

ytrimaz the Stinger (Octopode Transmuter)           Turns: 2810, Time: 00:04:14

HP:   -4/30 (33)    AC:  2    Str:  9    XL:     5   Next: 62%
MP:   7/8           EV: 19    Int: 18    God:
Gold: 126           SH:  0    Dex: 17    Spells: 2/8 levels left

rFire   . . .      SeeInvis .      - Unarmed
rCold   . . .      Faith    .    (shield currently unavailable)
rNeg    . . .      Spirit   .    (helmet currently unavailable)
rPois   .          Reflect  .    (no amulet)
rElec   .          Harm     .    i - ring of poison resistance
rCorr   .          Rampage  .    (no ring)
Will    .....                    (no ring)
Stlth   ++........               (no ring)
HPRegen 0.25/turn                (no ring)
MPRegen 0.11/turn                (no ring)
                                 (no ring)
                                 (no ring)

@: spider-form (expiring), drained
A: venomous fangs, almost no armour, (amphibious), 8 rings, tiny, (camouflage
1), (gelatinous body 1), (nimble swimmer 1), (tentacles)
a: End Transformation


You were on level 3 of the Dungeon.
You were a venomous arachnid creature.
You visited 1 branch of the dungeon, and saw 4 of its levels.

You collected 126 gold pieces.


Innate Abilities, Weirdness & Mutations

You are a venomous arachnid creature.
You have poisonous fangs.
You are tiny and dextrous.
Your spellcasting is less reliable in this form.
Your armour is entirely melded.
You are incapable of wielding weapons or throwing items.
You cannot wear most types of armour.
((You are amphibious.))
You can wear up to eight rings at the same time.
((Your skin changes colour to match your surroundings (Stealth+).))
((Your rubbery body absorbs attacks. (AC +1, EV +1)))
((You are camouflaged when in or above water. (Stealth+)))
((You have tentacles for arms and can constrict up to eight enemies at once.))


   Skills:
 - Level 1.0 Fighting
 - Level 2.0 Dodging
 - Level 3.0 Unarmed Combat
 - Level 2.0 Spellcasting
 + Level 2.0 Transmutations
 * Level 3.7 Ice Magic
 - Level 4.0 Poison Magic


You had 2 spell levels left.
You knew the following spells:

 Your Spells              Type           Power      Damage    Failure   Level
a - Beastly Appendage     Tmut           18%        N/A       21%         1
b - Wereblood             Tmut           9%         N/A       28%         2
c - Spider Form           Tmut/Pois      12%        N/A       34%         3

Your spell library contained the following spells:

 Spells                   Type           Power      Damage    Failure   Level
 Stone Arrow              Conj/Erth      2%         3d7       69%         3
 Ice Form                 Ice/Tmut       12%        N/A       71%         4
 Lehudib's Crystal Spear  Conj/Erth      0%         10d2      100%        8
 Animate Armour           Summ/Erth      Unusable   N/A       N/A         4

Inventory:

Jewellery
 h - an amulet of faith
   (You found it on level 2 of the Dungeon)
 i - a ring of poison resistance (left front leg)
   (You found it on level 3 of the Dungeon)
Scrolls
 d - 2 scrolls of amnesia
Potions
 b - a potion of heal wounds
 c - a potion of cancellation
 e - a potion of degeneration
 f - 2 potions of attraction

Dungeon Overview and Level Annotations

Branches:
Dungeon (4/15) Zot: 21199
 Temple: D:4-7

Altars:

#.....##.# #..
#.....##.##########..
#.....#...........'..
####.....#..##########..
#........#..#>..........
#...........'..........)
#....##..####...........
#####..z....'...........
#######s###.#.........#.
#.......# #.#.........#.
#.......###.#.##########
#.......#.....#
#.......#.#.###
#.......#...##
######............# #
#.........<.......###########
#..........))...........##...


You could see a wight.


Message History

There is an open door here.
f - 2 fizzy orange potions (gained 1) Done exploring. 😎 HP[+2] MP[+3]
Your hp is fully restored (33).
Your mp is fully restored (8).
Done exploring.
Unknown command.
Done exploring.
Done exploring.
Done exploring.
Done exploring.
Done exploring.
There is an open door here.
There is an open door here.
There is an escape hatch in the floor here.
There is an open door here.
There is a stone staircase leading down here.
You climb downwards.
There is a stone staircase leading up here.
Unknown command.
a - a scroll of identify
a - 2 scrolls of identify (gained 1)
You now have 126 gold pieces (gained 8).
A wight comes into view. It is wielding a +3 mace of freezing.
A wight is nearby!
A wight is nearby!
As you read the scroll of identify, it crumbles to dust.
f - 2 potions of attraction
As you read the scroll of identify, it crumbles to dust.
e - a potion of degeneration
Okay, then.
Casting: Beastly Appendage (safe; 8% risk of failure)
Confirm with . or Enter, or press ? or * to list all spells.
The spell is quite dangerous to miscast (16% risk of failure)!
Continue anyway?
You turn into a venomous arachnid creature. 😎 MP[-3]
You lost 3 mp, and now have 5/8 mp.
Unknown command.
Press: ? - help, v - describe, . - travel
Here: a wight, wielding a +3 mace of freezing and wearing a +0 robe The floor.
A wight comes into view. It is wielding a +0 scimitar.
You hit the wight but do no damage. The wight completely misses you.
You hit the wight.
Unknown command.
You hit the wight. The wight closely misses you.
You hit the wight. The wight barely misses you.
Unknown command.
You hit the wight but do no damage. The wight hits you but does no damage.
You barely miss the wight.
The wight hits you with a +3 mace of freezing.
The wight freezes you. 😕 HP[-7]
You take 7 damage, and now have 26/33 hp.
MASSIVE DAMAGE!! (PAUSE)
You hit the wight but do no damage.
The wight hits you with a +3 mace of freezing!
You feel drained. The wight freezes you.
* * * LOW HITPOINT WARNING * * *
😨 HP[-12] MP[+1]
You now have 32 max hp (-1).
You take 12 damage, and now have 14/32 hp.
MASSIVE DAMAGE!! (PAUSE) It was a potion of curing.
You feel better.
The wight hits you with a +3 mace of freezing!
The wight freezes you.
* * * LOW HITPOINT WARNING * * *
😨 HP[-1]
You take 1 damage, and now have 13/32 hp.
Okay, then.
Unknown command.
Unknown command.
Unknown command.
Unknown command. 😨 HP[+1]
The wight attacks as you move away!
The wight hits you with a +3 mace of freezing.
* * * LOW HITPOINT WARNING * * *
You feel drained. The wight freezes you.
* * * LOW HITPOINT WARNING * * *
😨 HP[-5]
You now have 30 max hp (-2).
You take 5 damage, and now have 9/30 hp.
Okay, then.
Okay, then. 😨 HP[+1] MP[+1]
The wight attacks as you move away! The wight closely misses you.
There is a stone staircase leading up here.
The wight barely misses you.
You climb upwards.
Your transformation is almost over.
There is a stone staircase leading down here. 😨 HP[+1]
You barely miss the wight.
The wight hits you with a +3 mace of freezing!
* * * LOW HITPOINT WARNING * * *
The wight freezes you.
You die...

Skill      XL: |  1  2  3  4  5 |
---------------+----------------+-----
Poison Magic   | 1 2 4 |  4.0
Ice Magic      | 1 2 3 |  3.7
Fighting       | |  1.0
Dodging        | |  2.0
Unarmed Combat | |  3.0
Spellcasting   | |  2.0
Transmutations | |  2.0

Action                   |  1- 3 |  4- 6 || total
-------------------------+-------+-------++-------
Melee: Unarmed           |    90 |    92 ||   182
       Constrict         |    22 |     5 ||    27
       Tentacles         |    19 |    10 ||    29
       Punch             |     5 |       ||     5
       Kick              |     3 |     6 ||     9
 Cast: Beastly Appendage |     8 |     6 ||    14
       Spider Form       |     1 |    10 ||    11
  Use: Scroll            |     5 |     5 ||    10
       Potion            |       |     2 ||     2
 Stab: Sleeping          |     6 |     4 ||    10
       Distracted        |       |     1 ||     1
Armor: Skin              |     5 |     4 ||     9
Dodge: Dodged            |    51 |    58 ||   109

Levels and vault maps discovered:
D:1:      ncdulo_lavacross, layout_basic
D:2:      layout_basic, uniq_terence
D:3:      layout_basic, dreamdust_ecumenical_altar_angels_and_demons,
          minmay_checkerbox
D:4:      layout_basic, amcnicky_altar_gilded, gammafunk_ghost_arena

Notes
Turn   | Place    | Note
-------+----------+-------------------------------------------
     0 | D:1      | ytrimaz the Octopode Transmuter began the quest for the
                  | Orb.
     0 | D:1      | Reached XP level 1. HP: 13/13 MP: 3/3
     0 | D:1      | magus.rc [v1.9.6]
   128 | D:1      | Reached skill level 1 in Poison Magic
   175 | D:1      | Reached XP level 2. HP: 8/18 MP: 5/5
   250 | D:1      | Reached skill level 2 in Poison Magic
   699 | D:1      | Reached XP level 3. HP: 23/23 MP: 6/6
   702 | D:1      | Learned a level 2 spell: Wereblood
   706 | D:1      | Learned a level 3 spell: Spider Form
   758 | D:1      | Reached skill level 3 in Poison Magic
  1524 | D:2      | Noticed Terence
  1531 | D:2      | Reached skill level 1 in Ice Magic
  1531 | D:2      | Reached skill level 4 in Poison Magic
  1531 | D:2      | Reached XP level 4. HP: 26/28 MP: 0/7
  1537 | D:2      | Killed Terence
  1538 | D:2      | Reached skill level 2 in Ice Magic
  1733 | D:2      | Reached XP level 5. HP: 19/33 MP: 2/8
  1735 | D:2      | Reached skill level 3 in Ice Magic
  2084 | D:3      | You pick up a book of Armaments and begin reading...
  2084 | D:3      | You add the spells Stone Arrow and Lehudib's Crystal Spear
                  | to your library.
  2392 | D:3      | Found a faded altar of an unknown god.
  2810 | D:3      | HP: 1/30 [wight/+3 mace of freezing (10)]
  2810 | D:3      | Slain by a wight

Vanquished Creatures
  Terence (D:2)
  An orc wizard (D:2)
  5 adders
  2 worms
  3 dart slugs
  2 orcs (D:2)
  8 ball pythons
  7 endoplasms
  7 giant cockroaches
  7 goblins
  4 hobgoblins
  4 kobolds
  2 quokkas (D:1)
  6 bats
  8 frilled lizards
  8 rats
75 creatures vanquished.

Table legend:
 A = Non-vault XP
 B = Vault XP
 C = Vault XP percentage of total XP
 D = Non-vault monster count
 E = Vault monster count
 F = Vault count percentage of total count
                 A         B        C        D         E       F
            +---------+---------+-------+---------+---------+-------
      Total |     220 |      41 |  15.7 |      70 |       5 |   6.7
            +---------+---------+-------+---------+---------+-------
        D:1 |      44 |       0 |   0.0 |      26 |       0 |   0.0
        D:2 |     117 |      36 |  23.5 |      26 |       1 |   3.7
        D:3 |      59 |       5 |   7.8 |      18 |       4 |  18.2
            +---------+---------+-------+---------+---------+-------

Illustrated notes

Table legend:
 A = Kills in this place as a percentage of kills in entire the game.
 B = Kills by you in this place as a percentage of kills by you in the entire game.
 C = Kills by friends in this place as a percentage of kills by friends in the entire game.
 D = Other kills in this place as a percentage of other kills in the entire game.
 E = Experience gained in this place as a percentage of experience gained in the entire game.
 F = Experience gained in this place divided by the number of levels of this place that you have seen.
                   A       B       C       D       E      F
               +-------+-------+-------+-------+-------+----------------------
         Total | 100.0 | 100.0 |   N/A |   N/A | 100.0 |  65.2
       Dungeon | 100.0 | 100.0 |   N/A |   N/A | 100.0 |  65.2
               +-------+-------+-------+-------+-------+----------------------

Table legend: (Time is in decaauts)
 A = Elapsed time spent in this place.
 B = Non-inter-level travel time spent in this place.
 C = Inter-level travel time spent in this place.
 D = Time resting spent in this place.
 E = Time spent auto-exploring this place.
 F = Levels seen in this place.
 G = Mean time per level.
                   A        B        C        D        E       F      G
               +--------+--------+--------+--------+--------+-----+--------+
         Total |   2799 |   2716 |     83 |    140 |   2032 |   4 |  699.8 |
       Dungeon |   2799 |   2716 |     83 |    140 |   2032 |   4 |  699.8 |
               +--------+--------+--------+--------+--------+-----+--------+

Top non-repeatable levels by time:
     D:1: 1058 daAuts
     D:2: 984 daAuts
     D:3: 710 daAuts
     D:4: 46 daAuts
